 Dungeon Crawl Stone Soup version 0.29-a0-334-gb41bcbb86e (webtiles) character file.

Game seed: 10772366766206709756

9503 enile the Charlatan (level 11, -2/72 HPs)
             Began as an Octopode Transmuter on Apr 13, 2022.
             Was a High Priest of Cheibriados.
             Slain by a centaur warrior
             ... wielding a +0 lajatang
              (4 damage)
             ... on level 11 of the Dungeon.
             The game lasted 00:25:56 (12247 turns).

enile the Charlatan (Octopode Transmuter)          Turns: 12247, Time: 00:25:56

Health: -2/72      AC:  1    Str: 27    XL:     11   Next: 47%
Magic:  6/6        EV: 21    Int: 42    God:    Cheibriados [*****.]
Gold:   225        SH:  7    Dex: 28    Spells: 16/20 levels left

rFire   + . .      SeeInvis +   U - +1 double sword (antimagic)
rCold   . . .      Faith    .   N - +0 buckler
rNeg    + + .      Spirit   .   (helmet restricted)
rPois   +          Reflect  .   C - amulet of the acrobat
rElec   +          Harm     .   f - +4 ring of evasion
rCorr   .          Rampage  .   l - ring of positive energy
Will    .....                   H - +6 ring of intelligence
Stlth   +++.......              z - ring of positive energy
HPRegen 0.22/turn               J - ring of see invisible
MPRegen 0.10/turn               p - ring of wizardry
                                L - ring of Law {rF+ Str+4 Int+6}
                                (no ring)

@: very slow
A: almost no armour, amphibious, 8 rings, camouflage 1, gelatinous body 1,
(nimble swimmer 1), tentacles, poison resistance, electricity resistance
a: Renounce Religion, Bend Time, Temporal Distortion, Slouch, Step From Time


You were on level 11 of the Dungeon.
You worshipped Cheibriados.
Cheibriados was extremely pleased with you.
You visited 1 branch of the dungeon, and saw 11 of its levels.

You collected 632 gold pieces.
You spent 407 gold pieces at shops.

Inventory:

Hand Weapons
 a - a +0 dagger
 b - a +0 spear
 j - the +7 staff of the Meek {protect, meekguard}
   (You found it on level 3 of the Dungeon)

   It grants its wielder temporary protection when it strikes (+7 to AC).
   It provides extra protection to wielders with little health.
 r - a +2 dagger of venom
 B - the +4 dagger of Bopla {vamp, Str+4}
   (You bought it in a shop on level 6 of the Dungeon)

   It occasionally heals its wielder for a portion of the damage dealt when it
   wounds a living foe.
   Str:       It affects your strength (+4).
 O - a +0 antimagic whip
 P - a +1 falchion of protection
 Q - a +0 broad axe
 U - a +1 antimagic double sword (weapon)
Missiles
 s - 3 throwing nets
 x - 24 poisoned darts
 y - 3 curare-tipped darts (quivered)
 V - 6 javelins
Armour
 K - a +0 tower shield
 N - a +0 buckler (worn)
Jewellery
 f - a +4 ring of evasion (left tentacle)
 l - a ring of positive energy (right tentacle)
 p - a ring of wizardry (on tentacle)
 z - a ring of positive energy (on tentacle)
 C - an amulet of the acrobat (around mantle)
 H - a +6 ring of intelligence (on tentacle)
 J - a ring of see invisible (on tentacle)
 L - the ring of Law (on tentacle) {rF+ Str+4 Int+6}
   (You took it off a kobold on level 9 of the Dungeon)

   [ring of intelligence]

   Str:       It affects your strength (+4).
   Int:       It affects your intelligence (+6).
   rF:        It protects you from fire.
 S - a ring of wizardry
Wands
 i - a wand of charming (3)
 m - a wand of iceblast (16)
 w - a wand of acid (3)
 E - a wand of flame (14)
 M - a wand of digging (2)
Scrolls
 g - 4 scrolls of teleportation
 o - 2 scrolls of brand weapon
 q - 3 scrolls of magic mapping
 u - 2 scrolls of amnesia
 A - 2 scrolls of enchant armour
 G - a scroll of fog
 I - 3 scrolls of immolation
 T - a scroll of identify
 W - a scroll of silence {unknown}
Potions
 c - 2 potions of might
 d - a potion of haste
 e - a potion of heal wounds
 h - 2 potions of flight {unknown}
 k - a potion of magic {unknown}
 n - a potion of cancellation
 t - 2 potions of curing {unknown}
 v - 3 potions of attraction {unknown}
 D - a potion of lignification
Miscellaneous
 R - a lightning rod (4/4)


   Skills:
 - Level 6.0 Fighting
 - Level 2.0 Short Blades
 - Level 2.0 Staves
 - Level 5.0 Dodging
 - Level 3.0 Shields
 - Level 3.0 Unarmed Combat
 - Level 5.0 Spellcasting
 - Level 7.0 Conjurations
 - Level 6.0 Necromancy
 - Level 2.6 Transmutations
 - Level 7.0 Earth Magic
 - Level 5.0 Invocations
 + Level 7.3 Evocations


You had 16 spell levels left.
You knew the following spells:

 Your Spells              Type           Power      Damage    Failure   Level
a - Stone Arrow           Conj/Erth      100%       3d13      1%          3
b - Beastly Appendage     Tmut           66%        N/A       1%          1

Your spell library contained the following spells:

 Spells                   Type           Power      Damage    Failure   Level
 Apportation              Tloc           20%        N/A       1%          1
 Wereblood                Tmut           33%        N/A       1%          2
 Spider Form              Tmut/Pois      21%        N/A       2%          3
 Ice Form                 Ice/Tmut       21%        N/A       8%          4
 Alistair's Intoxication  Tmut/Pois      14%        N/A       21%         5
 Lehudib's Crystal Spear  Conj/Erth      31%        10d8      99%         8
 Animate Armour           Summ/Erth      Unusable   N/A       N/A         4

Dungeon Overview and Level Annotations

Branches:
Dungeon (11/15)            Temple (0/1) D:4             Orc (0/2) D:9
   Lair: D:8-11

Altars:
Cheibriados
Dithmenos
Elyvilon
Gozag
Ru
Sif Muna
Vehumet
Xom
Yredelemnul
The Shining One
Beogh

Shops:
D:6 **:(=   D:10 :

Annotations:
D:9 exclusion: ice statue


Innate Abilities, Weirdness & Mutations

You cannot wear most types of armour.
You are amphibious.
You can wear up to eight rings at the same time.
Your skin changes colour to match your surroundings (Stealth+).
Your rubbery body absorbs attacks. (AC +1, EV +1)
((You are camouflaged when in or above water. (Stealth+)))
You have tentacles for arms and can constrict up to eight enemies at once.
Your system is resistant to poisons. (rPois)
You are resistant to electric shocks. (rElec)


Message History

Your centaur kicks the wraith but does no damage.
The wraith hits your centaur!
The wraith drains your centaur's vigour!
Your centaur seems to slow down.
Your centaur shoots an arrow.
The arrow hits the wraith but does no damage.
The wraith hits your centaur!
The wraith drains your centaur's vigour!
Your centaur seems to slow down.
Your centaur hits the wraith.
Your centaur kicks the wraith but does no damage.
Okay, then.
You closely miss the centaur warrior.
You feel yourself speed up.
Your centaur unwields a +0 shortbow.
Your centaur hits the wraith but does no damage.
Your centaur kicks the wraith but does no damage.
The centaur warrior completely misses you. x2
The centaur warrior misses you. You block the centaur warrior's attack.
The wraith barely misses your centaur.
Your centaur hits the wraith.
Your centaur barely misses the wraith.
Your centaur closely misses the wraith. x2
The centaur warrior hits you with a +0 lajatang!!
* * * LOW HITPOINT WARNING * * *
The centaur warrior misses you. The wraith barely misses your centaur.
Your centaur hits the wraith but does no damage.
Your centaur kicks the wraith but does no damage.
Your centaur hits the wraith. Your centaur misses the wraith.
Okay, then.
You feel much better.
The centaur warrior hits you with a +0 lajatang!
* * * LOW HITPOINT WARNING * * *
The centaur warrior kicks you.
* * * LOW HITPOINT WARNING * * *
Your centaur hits the wraith but does no damage.
Your centaur kicks the wraith.
The wraith hits your centaur.
Your centaur dies!
Your centaur's corpse dissolves into shadows!
A wraith comes into view.
You block the centaur warrior's attack. The centaur warrior kicks you.
You die...

## #C#.....#... ###.
.#...W.#.. ≈ ...#
........ .. #.. .....#
..$ #)## .... ..>.
.#####(#####.###.....
.......))..cW......!..
########...†c..####+
#...@...<..#
#.########.# #.. # #.#
..! #.# #.


You could see a centaur warrior, 2 wraiths and a friendly centaur (summoned).

Vanquished Creatures
  A boulder beetle (D:11)
  Urug (D:10)
  Maggie (D:9)
  A troll (D:10)
  Grinder (D:5)
  6 yaks (D:10)
  A vampire (D:10)
  2 wyverns
  2 steam dragons
  Menkaure (D:7)
  A vampire mosquito (D:11)
  2 acid dragons
  A black bear (D:6)
  4 orc warriors
  2 ice beasts
  2 sky beasts
  5 boggarts (D:10)
  An ogre (D:6)
  2 phantoms
  4 kobold brigands
  A gnoll sergeant (D:10)
  A bullfrog (D:7)
  4 necrophages
  4 scorpions
  8 killer bees
  2 howler monkeys
  3 hounds
  2 jellies
  5 orc priests
  Jessica (D:3)
  13 orc wizards
  3 gnolls (D:10)
  13 adders
  2 shadow imps
  2 white imps
  An ufetubus (D:5)
  A dart slug (D:4)
  28 orcs
  7 bats
  2 endoplasms
  A giant cockroach (D:3)
  9 goblins
  5 jackals (D:1)
  23 kobolds
  3 quokkas
  6 ball pythons
  4 frilled lizards
  3 rats
198 creatures vanquished.

Vanquished Creatures (collateral kills)
  A two-headed ogre (D:11)
  A deep elf pyromancer (D:11)
  2 cyclopes (D:11)
  A shadow (D:11)
  A kobold brigand (D:11)
  An orc (D:5)
  A quokka (D:5)
8 creatures vanquished.

Vanquished Creatures (others)
  An orc priest (D:5)
1 creature vanquished.

Grand Total: 207 creatures vanquished

Notes
Turn   | Place    | Note
-------+----------+-------------------------------------------
     0 | D:1      | enile the Octopode Transmuter began the quest for the Orb.
     0 | D:1      | Reached XP level 1. HP: 13/13 MP: 3/3
   292 | D:1      | Reached XP level 2. HP: 19/19 MP: 3/5
  1026 | D:1      | Reached XP level 3. HP: 23/24 MP: 4/6
  1344 | D:2      | Found a faded altar of an unknown god.
  1441 | D:2      | Prayed at the altar of an unknown god.
  1441 | D:2      | Became a worshipper of Cheibriados the Contemplative
  1441 | D:2      | Reached * piety under Cheibriados
  1937 | D:3      | Noticed Jessica
  2323 | D:3      | Reached XP level 4. HP: 21/29 MP: 5/7
  2437 | D:3      | Reached skill level 1 in Earth Magic
  2438 | D:3      | Reached ** piety under Cheibriados
  2518 | D:3      | Found the +7 staff of the Meek {protect, meekguard}
  2766 | D:3      | Killed Jessica
  2767 | D:3      | Reached XP level 5. HP: 34/34 MP: 6/8
  3028 | D:3      | Learned a level 3 spell: Stone Arrow
  3055 | D:4      | Reached skill level 1 in Conjurations
  3112 | D:4      | Found a staircase to the Ecumenical Temple.
  3181 | D:4      | Gained mutation: Your system is resistant to poisons.
                  | (rPois) [potion of mutation]
  3181 | D:4      | Gained mutation: You are resistant to electric shocks.
                  | (rElec) [potion of mutation]
  3316 | D:4      | Reached XP level 6. HP: 31/39 MP: 1/9
  4368 | D:5      | Entered Level 5 of the Dungeon
  4368 | D:5      | Noticed Grinder
  4435 | D:4      | Reached XP level 7. HP: 33/45 MP: 11/13
  4699 | D:5      | Reached *** piety under Cheibriados
  4708 | D:5      | Reached skill level 1 in Staves
  5077 | D:5      | Paralysed by Grinder for 2 turns
  5084 | D:5      | Paralysed by Grinder for 4 turns
  5093 | D:5      | Killed Grinder
  5094 | D:5      | Reached skill level 5 in Earth Magic
  5094 | D:5      | Reached XP level 8. HP: 52/52 MP: 3/14
  5528 | D:5      | Reached skill level 5 in Spellcasting
  5668 | D:5      | Reached skill level 1 in Evocations
  6109 | D:6      | Reached **** piety under Cheibriados
  6250 | D:6      | Found a glowing golden altar of the Shining One.
  6370 | D:6      | Reached skill level 5 in Evocations
  6370 | D:6      | Reached skill level 1 in Invocations
  6455 | D:6      | Reached XP level 9. HP: 56/56 MP: 16/16
  6461 | D:6      | Found Biffetu's Jewellery Emporium.
  6844 | D:6      | Found Jaluv's General Store.
  6846 | D:6      | Found Opraeraisk's Book Shoppe.
  6847 | D:6      | Found Olacute's Antique Weapon Shoppe.
  6848 | D:6      | Found Uschyzxew's Assorted Antiques.
  6851 | D:6      | Bought a scroll of identify for 22 gold pieces
  6859 | D:6      | Bought a masterwork dagger for 175 gold pieces
  6859 | D:6      | Identified the +4 dagger of Bopla {vamp, Str+4} (You bought
                  | it in a shop on level 6 of the Dungeon)
  6865 | D:6      | Bought a dented bronze amulet for 105 gold pieces
  7310 | D:8      | Reached skill level 5 in Invocations
  7942 | D:8      | Found a shimmering altar of Xom.
  7943 | D:8      | Reached ***** piety under Cheibriados
  8528 | D:7      | Reached skill level 1 in Necromancy
  8886 | D:6      | Bought a runed marble ring for 105 gold pieces
  8942 | D:7      | Found a radiant altar of Vehumet.
  8947 | D:7      | Found a sacrificial altar of Ru.
  8949 | D:7      | Found an opulent altar of Gozag.
  8949 | D:7      | Found a shimmering blue altar of Sif Muna.
  8949 | D:7      | Found a shadowy altar of Dithmenos.
  8950 | D:7      | Found a basalt altar of Yredelemnul.
  8951 | D:7      | Found a white marble altar of Elyvilon.
  9101 | D:7      | Noticed Menkaure
  9104 | D:7      | Killed Menkaure
  9528 | D:9      | Identified the ring of Law {rF+ Str+4 Int+6}
  9541 | D:9      | Reached XP level 10. HP: 63/63 MP: 3/17
  9706 | D:9      | Found a staircase to the Orcish Mines.
  9739 | D:9      | Noticed Maggie
  9847 | D:9      | Noticed an ice statue
  9877 | D:9      | Reached skill level 5 in Fighting
  9956 | D:9      | Reached skill level 1 in Shields
 10478 | D:9      | Killed Maggie
 10765 | D:10     | Entered Level 10 of the Dungeon
 10869 | D:10     | Reached skill level 5 in Dodging
 11030 | D:10     | Reached skill level 5 in Conjurations
 11189 | D:10     | Found Mimeag's Book Boutique.
 11853 | D:10     | Noticed Urug
 11873 | D:10     | Killed Urug
 11874 | D:10     | Reached skill level 5 in Necromancy
 11874 | D:10     | Reached XP level 11. HP: 59/71 MP: 18/18
 12218 | D:11     | Noticed a cyclops
 12224 | D:11     | Noticed a boulder beetle
 12231 | D:11     | Noticed a cyclops
 12234 | D:11     | Killed a boulder beetle
 12234 | D:11     | Noticed a deep elf pyromancer
 12236 | D:11     | Killed a cyclops
 12238 | D:11     | Killed a deep elf pyromancer
 12239 | D:11     | Killed a cyclops
 12239 | D:11     | Noticed a two-headed ogre
 12240 | D:11     | Killed a two-headed ogre
 12245 | D:11     | Identified a ring "Paqegell" {+Blink Fly rC++ Will- AC+4}
 12245 | D:11     | Noticed a centaur warrior
 12246 | D:11     | HP: 1/72 [centaur warrior/+0 lajatang (24)]
 12247 | D:11     | Slain by a centaur warrior

Illustrated notes

Levels and vault maps discovered:
D:1:      evilmike_arrival_plus, layout_basic
D:2:      layout_rooms, shapermc_ecumenical_altar_flowoftime,
          hangedman_decor_growths
D:3:      layout_basic, nrook_campfire, pf_guarded_unrand_meek, uniq_jessica
D:4:      layout_basic, minmay_temple_entry_sparse_star, saegor_snake_ambush
D:5:      layout_cave_pods, chequers_garden, uniq_grinder
D:6:      layout_loops_ring, lemuel_round_altar, serial_shops,
          nicolae_square_shop, minmay_shop_grid_forest,
          minmay_misc_feat_nine_boxes
D:7:      layout_gridville, minitemple, uniq_menkaure
D:8:      minmay_spotlight, layout_rooms, mainiacjoe_overflow_surrounded_room,
          chequers_serial_rivers_micro_e
D:9:      layout_rooms, orc_0_dummy, minivault_16, eino_tiny_chamber,
          mrwooster_statue_mirror, uniq_maggie
D:10:     layout_basic, serial_shops, shop, uniq_urug
D:11:     minmay_the_grid_square_5x5_5x5 [minmay_the_grid_square_5x5_corner,
          minmay_the_grid_square_5x5_shrine2,
          minmay_the_grid_square_5x5_inverted_slash,
          minmay_the_grid_square_5x5_misaligned,
          minmay_the_grid_square_5x5_empty,
          minmay_the_grid_square_5x5_tetrominoes,
          minmay_the_grid_square_5x5_prize_monsterx,
          minmay_the_grid_square_5x5_c,
          minmay_the_grid_square_5x5_prize_deathbox,
          minmay_the_grid_square_5x5_lines, minmay_the_grid_square_5x5_minimal,
          minmay_the_grid_square_5x5_two_small,
          minmay_the_grid_square_5x5_prize_waves,
          minmay_the_grid_square_5x5_shrine1,
          minmay_the_grid_square_5x5_tri_point,
          minmay_the_grid_square_5x5_trominoes,
          minmay_the_grid_square_5x5_prize_open,
          minmay_the_grid_square_5x5_detours,
          minmay_the_grid_square_5x5_prize_open,
          minmay_the_grid_square_5x5_minibox, minmay_the_grid_square_5x5_two,
          minmay_the_grid_square_5x5_plus, minmay_the_grid_square_5x5_checkered,
          minmay_the_grid_square_5x5_shuriken,
          minmay_the_grid_square_5x5_bridge], layout_basic, serial_bayou,
          serial_bayou_pond_e, serial_bayou_pond_a, serial_bayou_ford_a,
          serial_bayou_pond_b, nicolae_trove_entry_diagonal, disabler_island,
          uniq_erolcha

Skill      XL: |  1  2  3  4  5  6  7  8  9 10 11 |
---------------+----------------------------------+-----
Fighting       | 2 3 5 6 |  6.0
Dodging        | 3 5 |  5.0
Earth Magic    | 3 5 7 |  7.0
Conjurations   | 2 3 4 7 |  7.0
Spellcasting   | 4 5 |  5.0
Staves         | 2 |  2.0
Evocations     | 5 7 |  7.3
Invocations    | 3 5 |  5.0
Short Blades   | 2 |  2.0
Necromancy     | 4 5 6 |  6.0
Shields        | 3 |  3.0
Unarmed Combat | |  3.0
Transmutations | |  2.6

Action                   |  1- 3 |  4- 6 |  7- 9 | 10-12 || total
-------------------------+-------+-------+-------+-------++-------
Melee: Unarmed           |    17 |       |       |       ||    17
       Kick              |    11 |     5 |       |       ||    16
       Constrict         |    18 |    10 |    26 |    15 ||    69
       Tentacles         |    12 |    10 |    22 |    23 ||    67
       Spear             |    21 |       |       |       ||    21
       Dagger            |    47 |    11 |    46 |    48 ||   152
       Punch             |     3 |     2 |     4 |     3 ||    12
       Quarterstaff      |       |    28 |    55 |       ||    83
       Double sword      |       |       |       |     6 ||     6
Throw: Dart              |       |       |     6 |     6 ||    12
 Cast: Beastly Appendage |    12 |     9 |     3 |       ||    24
       Stone Arrow       |       |    16 |    71 |    47 ||   134
Evoke: Wand              |       |       |     3 |     7 ||    10
  Use: Potion            |     1 |     1 |     1 |     2 ||     5
       Scroll            |     2 |     1 |       |    14 ||    17
 Stab: Sleeping          |     9 |       |     4 |       ||    13
       Distracted        |       |       |     1 |       ||     1
Armor: Skin              |    13 |     6 |    13 |     2 ||    34
Dodge: Dodged            |    68 |    28 |    95 |    69 ||   260
Block: Buckler           |       |       |       |    29 ||    29

Table legend: (Time is in decaauts)
 A = Elapsed time spent in this place.
 B = Non-inter-level travel time spent in this place.
 C = Inter-level travel time spent in this place.
 D = Time resting spent in this place.
 E = Time spent auto-exploring this place.
 F = Levels seen in this place.
 G = Mean time per level.
                   A        B        C        D        E       F      G
               +--------+--------+--------+--------+--------+-----+--------+
         Total |  16193 |  15037 |   1156 |    792 |  12287 |  11 | 1472.1 |
       Dungeon |  16193 |  15037 |   1156 |    792 |  12287 |  11 | 1472.1 |
               +--------+--------+--------+--------+--------+-----+--------+

Top non-repeatable levels by time:
     D:8: 2155 daAuts
    D:10: 2149 daAuts
     D:4: 1951 daAuts
     D:6: 1917 daAuts
     D:5: 1733 daAuts
     D:7: 1430 daAuts
     D:9: 1424 daAuts
     D:1: 1259 daAuts
     D:2: 1157 daAuts
     D:3: 959 daAuts
    D:11: 55 daAuts
